 Dungeon Crawl Stone Soup version 0.20-a0-1117-g62da73f (webtiles) character file.

1136 nubinia the Magician (level 8, -1/37 HPs)
             Began as a Spriggan Venom Mage on May 8, 2017.
             Was a Follower of Sif Muna.
             Shot with an arrow by a centaur (11 damage)
             ... on level 6 of the Dungeon on May 9, 2017.
             The game lasted 00:32:34 (6654 turns).

nubinia the Magician (Spriggan Venom Mage)          Turns: 6654, Time: 00:32:35

Health: -1/37      AC:  5    Str:  4    XL:     8   Next: 14%
Magic:  17/19      EV: 21    Int: 22    God:    Sif Muna [*.....]
Gold:   159        SH:  0    Dex: 19    Spells: 14/20 levels left

rFire    + + .     SeeInvis +   a - +2 dagger (venom)
rCold    x . .     Gourm    .   (shield restricted)
rNeg     . . .     Faith    .   g - +1 robe
rPois    .         Spirit   .   y - +2 hat
rElec    .         Reflect  .   (no cloak)
rCorr    .         Harm     .   (gloves unavailable)
MR       +....                  (boots unavailable)
Stlth    +++.......             (no amulet)
Regen    0.2/turn               u - ring of protection from fire
MPRegen  0.2/turn               w - ring of the Sturgeon {Wiz rF+ rC- Int+4 Dex+2}

@: divine energy, very quick
A: unfitting armour, see invisible, herbivore 3, speed 3, slow metabolism 2
a: Stop Divine Energy, Renounce Religion


You were on level 6 of the Dungeon.
You worshipped Sif Muna.
Sif Muna was aware of your devotion.
You were not hungry.

You visited 1 branch of the dungeon, and saw 6 of its levels.

You collected 159 gold pieces.

Inventory:

Hand Weapons
 a - a +2 dagger of venom (weapon)
 b - a +0 blowgun
 p - a +0 vampiric dagger
 z - a +1 short sword
Armour
 g - a +1 robe (worn)
 v - a +0 buckler
 y - a +2 hat (worn)
Jewellery
 u - a ring of protection from fire (left hand)
 w - the ring of the Sturgeon (right hand) {Wiz rF+ rC- Int+4 Dex+2}
   (You found it on level 5 of the Dungeon)

   [ring of wizardry]

   It improves your spell success rate.
   It affects your intelligence (+4).
   It affects your dexterity (+2).
   It protects you from fire.
   It makes you vulnerable to cold.
Scrolls
 d - 2 scrolls of enchant weapon
 m - 3 scrolls of magic mapping
 o - 2 scrolls of remove curse
 q - a scroll of identify
 r - a scroll of enchant armour
 t - 2 scrolls of recharging
Potions
 e - a potion of might
 f - 2 potions of flight
 h - a potion of curing {unknown}
 j - a potion of heal wounds {unknown}
 k - a potion of ambrosia {unknown}
 l - 2 potions of resistance
 n - a potion of mutation
 x - a potion of lignification
Books
 i - a Young Poisoner's Handbook

   Spells                             Type                      Level
   a - Sting                          Conjuration/Poison           1
   b - Poisonous Vapours              Poison/Air                   2
   c - Mephitic Cloud                 Conjuration/Poison/Air       3
   d - Olgreb's Toxic Radiance        Poison                       4
   e - Venom Bolt                     Conjuration/Poison           5
Comestibles
 c - 5 bread rations
 s - 4 royal jellies


   Skills:
 + Level 1.1 Fighting
 + Level 3.2 Short Blades
 + Level 5.3 Dodging
 + Level 4.9 Stealth
 * Level 6.7 Spellcasting
 * Level 2.3 Conjurations
 * Level 2.9 Air Magic
 + Level 4.6 Poison Magic


You had 14 spell levels left.
You knew the following spells:

 Your Spells              Type           Power        Failure   Level  Hunger
a - Sting                 Conj/Pois      ###.         1%          1    None
b - Poisonous Vapours     Pois/Air       ###...       1%          2    None
c - Mephitic Cloud        Conj/Pois/Air  ###.....     2%          3    #......


Dungeon Overview and Level Annotations

Branches:
Dungeon (6/15)             Temple (0/1) D:4

Altars:
Cheibriados
Kikubaaqudgha
Ru
Sif Muna
Trog
Yredelemnul
Zin


Innate Abilities, Weirdness & Mutations

You are very small and have problems with some larger weapons.
You are too small for most types of armour.
You have supernaturally acute eyesight. (SInv)
You are a herbivore.
You cover ground extremely quickly.
You need consume almost no food.


Message History

The centaur is poisoned.
The centaur hits you.
The centaur is engulfed in poison gas.
The centaur looks even sicker.
The centaur closely misses you.
You closely miss the centaur.
The centaur is lightly wounded.
The centaur is engulfed in poison gas.
The centaur looks even sicker.
The centaur hits you.
You hit the centaur.
The centaur looks as sick as possible!
The centaur is heavily wounded.
The centaur is engulfed in poison gas.
The centaur looks as sick as possible!
The centaur misses you.
You completely miss the centaur.
The centaur is heavily wounded.
The centaur hits you.
You barely miss the centaur.
The centaur is severely wounded.
The centaur hits you!
* * * LOW HITPOINT WARNING * * *
The centaur wields a shortbow.
The centaur shoots an arrow.
The arrow hits you!
You die...

#########
#c.@..(%#
#.#####.#######
#.
#.##....######
#.
###.##.##.......
#.
#......##...####
#.
#.#.####.....#
#. #.#.# ##...##
# #$ # #.# ##.##
## ..# #.# #.


You could see a centaur.

Vanquished Creatures
  Sigmund (D:3)
  An orc warrior (D:5)
  A black bear (D:5)
  2 ogres
  A howler monkey (D:4)
  An orc priest (D:5)
  A hound (D:4)
  3 orc wizards
  A bullfrog skeleton (D:5)
  Terence (D:3)
  3 worker ants
  Natasha (thrice) (D:3)
  2 hound zombies
  7 adders
  4 oozes
  An adder skeleton (D:5)
  An adder zombie (D:5)
  3 worms
  A dart slug (D:1)
  3 leopard geckos
  13 orcs
  3 ball pythons
  12 bats
  5 giant cockroaches
  2 gnoll zombies (D:2)
  11 goblins
  6 hobgoblins
  11 jackals
  9 kobolds
  A ball python skeleton (D:4)
  5 frilled lizards
  13 rats
132 creatures vanquished.

Notes
Turn   | Place    | Note
-------+----------+-------------------------------------------
     0 | D:1      | nubinia the Spriggan Venom Mage began the quest for the Orb.
     0 | D:1      | Reached XP level 1. HP: 9/9 MP: 5/5
   374 | D:1      | Reached XP level 2. HP: 13/13 MP: 3/6
  1272 | D:1      | Reached XP level 3. HP: 16/16 MP: 8/8
  1276 | D:1      | Learned a level 2 spell: Poisonous Vapours
  1280 | D:1      | Learned a level 3 spell: Mephitic Cloud
  1402 | D:1      | Reached skill level 3 in Spellcasting
  2043 | D:2      | Reached skill level 1 in Short Blades
  2163 | D:2      | Found an ancient bone altar of Kikubaaqudgha.
  2276 | D:2      | Reached XP level 4. HP: 21/21 MP: 4/9
  2727 | D:2      | Found a basalt altar of Yredelemnul.
  2793 | D:2      | Found a sacrificial altar of Ru.
  2896 | D:3      | Found a deep blue altar of Sif Muna.
  2902 | D:3      | Became a worshipper of Sif Muna the Loreminder
  3012 | D:3      | Noticed Sigmund
  3041 | D:3      | Noticed Natasha
  3048 | D:3      | Killed Natasha
  3048 | D:3      | Reached skill level 1 in Conjurations
  3225 | D:3      | Reached XP level 5. HP: 22/25 MP: 7/11
  3270 | D:3      | Found a bloodstained altar of Trog.
  3817 | D:3      | Noticed Natasha
  3817 | D:3      | Killed Sigmund
  3817 | D:3      | Reached skill level 4 in Spellcasting
  3817 | D:3      | Reached skill level 1 in Air Magic
  3817 | D:3      | Reached XP level 6. HP: 29/29 MP: 1/14
  4063 | D:3      | Noticed Terence
  4077 | D:3      | Killed Terence
  4218 | D:3      | Killed Natasha
  4267 | D:3      | Noticed Natasha
  4272 | D:3      | Killed Natasha
  4272 | D:3      | Reached skill level 5 in Spellcasting
  4288 | D:3      | Reached * piety under Sif Muna
  4313 | D:3      | Upgraded the game from 0.20-a0-1116-gaa52201 to 0.20-a0-1117-g62da73f
  4734 | D:4      | Found a staircase to the Ecumenical Temple.
  4834 | D:4      | Reached XP level 7. HP: 30/32 MP: 12/16
  4983 | D:4      | Found a snail-covered altar of Cheibriados.
  4983 | D:4      | Found a glowing silver altar of Zin.
  5348 | D:5      | Entered Level 5 of the Dungeon
  5645 | D:5      | Reached skill level 6 in Spellcasting
  5830 | D:5      | Reached skill level 1 in Fighting
  6069 | D:5      | Got a scorched brass ring
  6070 | D:5      | Identified the ring of the Sturgeon {Wiz rF+ rC- Int+4 Dex+2} (You found it on level 5 of the Dungeon)
  6353 | D:5      | Identified a scroll of acquirement
  6400 | D:5      | Reached skill level 5 in Dodging
  6400 | D:5      | Reached XP level 8. HP: 33/37 MP: 13/19
  6654 | D:6      | Shot with an arrow by a centaur

Vault maps used:
D:1:      shiori_arrival_whats_in_store_for_you
D:2:      kiku_gazebo_pond_becter, lemuel_zombie_altar_yredelemnul,
          marbit_many_paths
D:3:      lightli_temple_of_fire, led_sif_pool, uniq_natasha, uniq_terence,
          uniq_sigmund
D:4:      gammafunk_temple_overflow_wave, minmay_temple_entry_hall, first_bread,
          kennysheep_generic_room_6
D:5:      black_bear_nest_2
D:6:      ashenzari_conservatory_becter, nemelex_xobeh_ov_fountains_minmay,
          serial_shops, nicolae_shop_stone

Skill      XL: |  1  2  3  4  5  6  7 |
---------------+----------------------+-----
Spellcasting   | 3 4 5 6 |  6.7
Short Blades   | 1 2 3 |  3.2
Stealth        | 4 |  4.9
Conjurations   | 1 2 |  2.3
Dodging        | 4 5 |  5.3
Air Magic      | 1 2 |  2.9
Poison Magic   | 4 |  4.6
Fighting       | 1 |  1.1

Action                   |  1- 3 |  4- 6 |  7- 9 || total
-------------------------+-------+-------+-------++-------
Melee: Unarmed           |     4 |       |       ||     4
       Short sword       |    74 |    87 |   107 ||   268
       Dagger            |       |       |     5 ||     5
 Cast: Sting             |    65 |    55 |    26 ||   146
       Poisonous Vapours |       |    29 |    29 ||    58
       Mephitic Cloud    |       |     2 |     5 ||     7
Invok: Divine Energy     |       |     1 |       ||     1
  Use: Scroll            |     1 |     7 |     6 ||    14
       Potion            |       |       |     2 ||     2
 Stab: Sleeping          |    10 |     7 |     5 ||    22
       Confused          |       |       |     4 ||     4
  Eat: Royal jelly       |       |     2 |       ||     2
Armor: Robe              |     5 |     9 |    11 ||    25
Dodge: Dodged            |    72 |    70 |   110 ||   252
